 Dungeon Crawl Stone Soup version 0.30-b1-2-g02819fbbbe (webtiles) character file.

Game seed: 170380862448244582

22484 sanka the Nimble (level 12, -1/101 HPs)
             Began as a Demigod Enchanter on May 17, 2023.
             Slain by a catoblepas (8 damage)
             ... on level 2 of the Lair of Beasts.
             The game lasted 00:33:01 (18029 turns).

sanka the Nimble (Demigod Enchanter)               Turns: 18029, Time: 00:33:02

Health: -1/101     AC: 11    Str:  9    XL:     12   Next: 31%
Magic:  25/25      EV: 23    Int: 33    God:
Gold:   873        SH:  0    Dex: 14    Spells: 15/23 levels left

rFire   . . .        a - +4 demon trident (spect)
rCold   . . .        (no shield)
rNeg    + . .        L - +2 robe
rPois   .            G - +0 helmet
rElec   +            D - +2 cloak {Will+}
rCorr   .            j - +0 pair of gloves
SInv    .            E - +1 pair of boots "Zoclaoky" {rElec}
Will    ++...        (no amulet)
Stlth   ++           u - ring of positive energy
HPRegen 0.36/turn    v - +5 ring of evasion
MPRegen 0.19/turn

%: no passive effects
@: no status effects
A: high MP 1, forlorn, divine attributes
a: no special abilities


You were on level 2 of the Lair of Beasts.
You visited 2 branches of the dungeon, and saw 13 of its levels.

You collected 873 gold pieces.

Inventory:

Hand Weapons
 a - a +4 spectral demon trident (weapon)
 b - the +12 shortbow of Agony {drain, rC+ rN+ Will+ Str+4 Dex-4}
   (You found it on level 7 of the Dungeon)

   Str:       It affects your strength (+4).
   Dex:       It affects your dexterity (-4).
   rC:        It protects you from cold.
   rN:        It protects you from negative energy.
   Will:      It increases your willpower.
Missiles
 y - a throwing net {=f}
Armour
 e - a +2 ring mail of cold resistance
 j - a +0 pair of gloves (worn)
 B - +0 acid dragon scales
 D - a +2 cloak of willpower (worn)
 E - the +1 pair of boots "Zoclaoky" (worn) {rElec}
   (You found it on level 6 of the Dungeon)

   rElec:     It insulates you from electricity.
 G - a +0 helmet (worn)
 L - a +2 robe (worn)
Magical Staves
 p - a staff of cold
Jewellery
 u - a ring of positive energy (left hand)
 v - a +5 ring of evasion (right hand)
 z - a ring of magical power
 N - a ring of flight
Wands
 s - a wand of light (20)
 x - a wand of charming (23)
 P - a wand of polymorph (5)
 S - a wand of flame (5)
Scrolls
 d - 3 scrolls of immolation {!r}
 h - 3 scrolls of enchant armour
 i - 5 scrolls of vulnerability {!r}
 l - a scroll of blinking
 n - 6 scrolls of teleportation {@r4}
 o - 4 scrolls of silence {!r}
 q - a scroll of butterflies
 r - 3 scrolls of magic mapping
 A - a scroll of brand weapon
 H - 2 scrolls of noise {!r}
 J - a scroll of acquirement
 O - 3 scrolls of amnesia
Potions
 c - 2 potions of invisibility
 f - 2 potions of attraction {!q}
 g - 7 potions of curing {@q1}
 k - a potion of berserk rage {unknown}
 m - 2 potions of brilliance
 t - 3 potions of heal wounds {@q2}
 w - a potion of magic {unknown}
 C - 2 potions of resistance
 F - a potion of might {unknown}
 I - 3 potions of flight
 K - 2 potions of mutation {unknown}
 M - 3 potions of haste {@q3}
 R - a potion of lignification {unknown}
Miscellaneous
 Q - a tin of tremorstones (2/2)


   Skills:
 - Level 8.0 Fighting
 - Level 0.8 Short Blades
 * Level 3.3 Polearms
 - Level 12.1 Dodging
 - Level 2.6 Stealth
 - Level 6.0 Spellcasting
 - Level 6.0 Conjurations
 - Level 5.0 Hexes
 - Level 6.0 Ice Magic
 - Level 6.0 Air Magic


You had 15 spell levels left.
You knew the following spells:

 Your Spells              Type           Power      Damage    Failure   Level
a - Confusing Touch       Hex            42%        N/A       1%          3
b - Freezing Cloud        Conj/Ice/Air   24%        6-21      10%         5

Your spell library contained the following spells:

 Spells                   Type           Power      Damage    Failure   Level
 Ensorcelled Hibernation  Hex/Ice        92%        N/A       1%          2
 Poisonous Vapours        Pois/Air       58%        N/A       1%          2
 Dazzling Flash           Conj/Hex       92%        N/A       1%          3
 Ozocubu's Armour         Ice            49%        N/A       1%          3
 Tukima's Dance           Hex            42%        N/A       1%          3
 Cigotuvi's Dreadful Rot  Necr/Pois/Air  46%        N/A       2%          2
 Mephitic Cloud           Conj/Pois/Air  36%        N/A       2%          3
 Sting                    Tmut/Pois      36%        1d4       4%          1
 Iskenderun's Battlesphe  Conj           49%        2d10      10%         5
 Silence                  Hex/Air        23%        N/A       12%         5
 Ignite Poison            Fire/Tmut/Pois 9%         N/A       13%         3
 Fireball                 Conj/Fire      14%        3d8       34%         5
 Olgreb's Toxic Radiance  Pois           9%         N/A       38%         4
 Passage of Golubria      Tloc           9%         N/A       38%         4
 Yara's Violent Unravell  Hex/Tmut       13%        3d7       38%         5
 Conjure Ball Lightning   Conj/Air       24%        3x3d7     50%         6
 Agony                    Necr           9%         N/A       75%         5
 Orb of Destruction       Conj           24%        9d9       97%         7
 Ozocubu's Refrigeration  Ice            24%        4d12      97%         7


Dungeon Overview and Level Annotations

Branches:
Dungeon (11/15)            Temple (0/1) D:5            Lair (2/5) D:9
  Swamp: Lair:2-3    Shoals: Lair:2-3     Snake: Lair:2-3    Spider: Lair:2-3
    Orc: D:9-12

Shops:
D:1 !   D:11 [

Annotations:
D:6 1 runed translucent door, Sassenached's ghost, novice DgWn
D:9 2 transporters, BobG's ghost, novice MiFi
D:10 1 runed translucent door


Innate Abilities, Weirdness & Mutations

You have an increased reservoir of magic. (+10% MP)
You shall have no god before yourself.
Your divine heritage dramatically boosts your attributes as you level up.


Message History

The catoblepas gores you!!
You hit the catoblepas.
The catoblepas is moderately wounded.
Your +4 spectral demon trident completely misses the catoblepas.
The plant is engulfed in calcifying dust.
The plant turns to stone!
The catoblepas misses you.
You hit the catoblepas.
The catoblepas is moderately wounded.
Your +4 spectral demon trident hits the catoblepas from afar.
The plant is engulfed in calcifying dust.
The catoblepas completely misses you.
You hit the catoblepas but do no damage.
The catoblepas is heavily wounded.
Your +4 spectral demon trident hits the catoblepas from afar.
The catoblepas gores you.
You puncture the catoblepas!
The catoblepas is heavily wounded.
Your +4 spectral demon trident hits the catoblepas from afar.
A nearby plant withers and dies.
The catoblepas closely misses you.
You hit the catoblepas but do no damage.
The catoblepas is severely wounded.
Your +4 spectral demon trident hits the catoblepas but does no damage.
The catoblepas breathes a plume of calcifying dust at your +4 spectral demon trident.
The blast of calcifying dust hits your +4 spectral demon trident.
Your spectral weapon shares its damage with you!
You hit the catoblepas.
The catoblepas is severely wounded.
Your +4 spectral demon trident hits the catoblepas but does no damage.
The catoblepas gores you!!
* * * LOW HITPOINT WARNING * * *
The catoblepas misses you.
Unknown command.
You hit the catoblepas but do no damage.
The catoblepas is severely wounded.
Your +4 spectral demon trident barely misses the catoblepas.
The catoblepas misses you.
Unknown command.
The catoblepas attacks as you move away!
The catoblepas gores you!
You die...

.....# ..P###P.#
..................#. P#..P...
.....>.............## #.......
....................## ##...P...
...................#.# #P...+...
....................# #....#...
...................## ##.......
..........§§§§§§(Y..######...###.
P#.#+.##.†..^...@..#.#..#........
...............................P#
.#.............................##
#...P####.#†......#.######.....##
##..## ###......#### ##..†.P#
#..# #......# #...†... #..#
##......## ##.#..P. #..#
#P.......# .#.### #..P #.......##
#.### #


You could see a catoblepas (ally target) and a friendly +4 spectral demon
trident.

Vanquished Creatures
  Gastronok (D:8)
  A centaur warrior (D:10)
  2 two-headed ogres
  A boulder beetle (D:11)
  Urug (D:9)
  Nergalle (D:10)
  A lindwurm (Lair:2)
  An oklob plant (Lair:1)
  A cyclops (D:11)
  2 black mambas
  Psyche (D:9)
  A kobold demonologist (D:11)
  3 cane toads
  3 trolls
  5 blink frogs (Lair:1)
  Grinder (D:3)
  Prince Ribbit (D:6)
  2 shadows
  2 vampires
  Sigmund (D:6)
  33 yaks
  A wraith (D:10)
  5 wyverns
  A steam dragon (D:10)
  2 vampire mosquitoes (D:10)
  3 basilisks
  Edmund (D:4)
  2 acid dragons
  6 water moccasins
  2 wargs (D:8)
  2 orc warriors
  2 ice beasts (D:7)
  2 sky beasts
  2 black bears
  A tengu (D:9)
  6 centaurs
  2 phantoms
  3 kobold brigands
  6 bullfrogs
  6 scorpions
  7 wights
  5 killer bees
  2 vampire bats (D:4)
  2 howler monkeys
  2 hounds
  5 jellies
  A gnoll bouda (D:5)
  11 orc priests
  An iguana (D:5)
  Ijyb (D:3)
  4 sleepcaps
  8 orc wizards
  24 gnolls
  4 adders
  A shadow imp (D:7)
  A white imp (D:5)
  3 ufetubi
  5 worms
  3 dart slugs
  33 orcs
  4 bats
  3 bat skeletons (D:4)
  2 bat zombies (D:4)
  22 endoplasms
  4 goblins
  5 hobgoblins
  3 jackals (D:4)
  16 kobolds
  3 quokkas
  5 ball pythons
  4 frilled lizards
  21 rats
  A spectral goblin (D:8)
336 creatures vanquished.

Vanquished Creatures (others)
  A wraith (D:9)
  An orc wizard (D:8)
  6 fungi
  6 plants (Lair:2)
  2 spectral weapons (D:11)
16 creatures vanquished.

Grand Total: 352 creatures vanquished

Notes
Turn   | Place    | Note
-------+----------+-------------------------------------------
     0 | D:1      | sanka the Demigod Enchanter began the quest for the Orb.
     0 | D:1      | Reached XP level 1. HP: 14/14 MP: 5/5
    93 | D:1      | Found Adgheoli's Distillery.
   796 | D:2      | Reached XP level 2. HP: 9/20 MP: 7/7
  1218 | D:2      | Reached XP level 3. HP: 12/26 MP: 8/8
  1674 | D:3      | Noticed Grinder
  1676 | D:3      | Noticed Ijyb
  1679 | D:3      | Paralysed by Grinder for 4 turns
  1713 | D:2      | Learned a level 3 spell: Confusing Touch
  2345 | D:3      | Killed Ijyb
  2346 | D:3      | Reached XP level 4. HP: 11/33 MP: 7/9
  2603 | D:4      | Noticed a black bear
  2991 | D:3      | Killed a black bear
  2992 | D:3      | Reached skill level 5 in Hexes
  2992 | D:3      | Reached skill level 1 in Fighting
  2992 | D:3      | Reached skill level 2 in Dodging
  2992 | D:3      | Reached XP level 5. HP: 35/40 MP: 7/10
  3340 | D:4      | Noticed Edmund
  3545 | D:4      | Killed Edmund
  3546 | D:4      | Reached skill level 3 in Dodging
  3546 | D:4      | Reached XP level 6. HP: 17/50 MP: 6/11
  4127 | D:4      | Reached skill level 4 in Dodging
  4604 | D:3      | Killed Grinder
  4605 | D:3      | Reached XP level 7. HP: 40/59 MP: 11/13
  4993 | D:5      | Entered Level 5 of the Dungeon
  5193 | D:5      | Reached skill level 5 in Dodging
  5231 | D:5      | Found a staircase to the Ecumenical Temple.
  5464 | D:5      | Reached skill level 5 in Fighting
  5705 | D:5      | Reached XP level 8. HP: 61/69 MP: 14/14
  5778 | D:5      | Reached skill level 6 in Dodging
  6274 | D:6      | Identified the +1 pair of boots "Zoclaoky" {rElec}
  6753 | D:6      | Noticed Prince Ribbit
  6780 | D:6      | Killed Prince Ribbit
  6781 | D:6      | Reached skill level 7 in Dodging
  6821 | D:6      | Found a runed translucent door.
  6821 | D:6      | Noticed Sassenached's ghost (novice DgWn)
  6822 | D:6      | Noticed a +1 flail of chaos
  7091 | D:6      | Noticed Sigmund
  7108 | D:6      | Killed Sigmund
  7109 | D:6      | Reached XP level 9. HP: 57/79 MP: 13/15
  7917 | D:7      | Reached skill level 8 in Dodging
  8060 | D:7      | Identified the +12 shortbow of Agony {drain, rC+ rN+ Will+
                  | Str+4 Dex-4}
  8337 | D:7      | Reached skill level 9 in Dodging
  8919 | D:8      | Noticed Gastronok
  9113 | D:8      | Killed Gastronok
  9114 | D:8      | Reached skill level 10 in Dodging
  9114 | D:8      | Reached XP level 10. HP: 61/88 MP: 16/16
  9387 | D:8      | Identified a scroll of acquirement
  9926 | D:8      | Reached skill level 11 in Dodging
 10177 | D:9      | Found a staircase to the Lair.
 10453 | D:9      | Reached skill level 12 in Dodging
 10559 | D:9      | Found a transporter.
 10742 | D:9      | Noticed a two-headed ogre
 10742 | D:9      | Noticed a two-headed ogre
 10742 | D:9      | Noticed BobG's ghost (novice MiFi)
 10744 | D:9      | Noticed a tengu warrior
 10751 | D:9      | Found a transporter.
 10751 | D:9      | Noticed a two-headed ogre
 10766 | D:9      | Noticed a moth of wrath
 10965 | D:10     | Entered Level 10 of the Dungeon
 10994 | D:10     | Reached skill level 1 in Conjurations
 10994 | D:10     | Reached skill level 1 in Ice Magic
 10994 | D:10     | Reached skill level 1 in Air Magic
 11154 | D:10     | Noticed Urug
 11158 | D:10     | Noticed Psyche
 11161 | D:10     | Noticed Nergalle
 11370 | D:9      | Killed Urug
 11833 | D:9      | Killed Psyche
 11867 | D:10     | Killed Nergalle
 11899 | D:10     | Learned a level 5 spell: Freezing Cloud
 12052 | D:10     | Reached XP level 11. HP: 80/94 MP: 19/19
 12354 | D:10     | Found a runed translucent door.
 12354 | D:10     | Noticed a sixfirhy
 12421 | D:10     | Noticed a two-headed ogre
 12712 | D:9      | Killed a two-headed ogre
 13109 | D:9      | Found a staircase to the Lair.
 13436 | D:9      | Found a transporter.
 13454 | D:9      | Found a transporter.
 13626 | D:10     | Noticed a two-headed ogre
 13642 | D:10     | Killed a two-headed ogre
 14188 | D:11     | Found Boaj's Armour Shop.
 14714 | D:11     | Noticed a boulder beetle
 14747 | D:11     | Killed a boulder beetle
 14925 | D:11     | Noticed a centaur warrior
 15454 | D:10     | Killed a centaur warrior
 15455 | D:10     | Reached skill level 5 in Spellcasting
 15740 | D:11     | Reached skill level 5 in Conjurations
 15740 | D:11     | Reached skill level 5 in Ice Magic
 15740 | D:11     | Reached skill level 5 in Air Magic
 15931 | Lair:1   | Entered Level 1 of the Lair of Beasts
 16302 | Lair:1   | Reached XP level 12. HP: 101/101 MP: 24/24
 17854 | Lair:2   | Reached skill level 1 in Polearms
 18010 | Lair:2   | Noticed a catoblepas
 18029 | Lair:2   | Slain by a catoblepas

Illustrated notes

Levels and vault maps discovered:
D:1:      wander_arrival_lonely_grave, layout_basic, serial_shops, shop
D:2:      layout_rooms, serial_corexii_hall, chequers_hall_statues_corner_a,
          corexii_hall_statues_deadend, basic_altar
D:3:      layout_loops_cross, dreamdust_princess_bridge,
          chequers_serial_rivers_room_b, uniq_ijyb, uniq_grinder
D:4:      layout_cave_pools, kennysheep_vampire_church, serial_column_ruins,
          column_ruins_circle_small, column_ruins_circle_large,
          column_ruins_grid_1, column_ruins_corridor_straight,
          column_ruins_grid_1, column_ruins_corridor_corner,
          column_ruins_grid_2, column_ruins_columns_corner, column_ruins_grid_1,
          minmay_rat_hole, uniq_edmund
D:5:      lemuel_ice_spiral_2, layout_rooms, temple_fountains
D:6:      layout_loops_ring, eat_drink_and_be_merry_uskayaw, ebering_ghost_xom,
          uniq_prince_ribbit1, uniq_sigmund
D:7:      minmay_octagon_keep, layout_gridville, tgw_sif,
          kennysheep_generic_room_8
D:8:      layout_layer_cave, good_gods_temple_1,
          nicolae_hepliaklqana_monster_ancestors, feat_on_display,
          uniq_gastronok
D:9:      layout_rooms, mainiacjoe_overflow_surrounded_room,
          erik_lair_orcish_takeover, gammafunk_ghost_wrathful_warriors,
          minmay_hedge_maze
D:10:     cheibrodos_shockbox, layout_loops_ring,
          minmay_overflow_temple_star_hex, minmay_alternating_orb, uniq_psyche,
          uniq_urug, uniq_nergalle
D:11:     layout_rooms, serial_shops, nicolae_stop_n_shop_1
Lair:1:   lemuel_slime, layout_layer_cave, grunt_megastairs_5
Lair:2:   lemuel_reptile_caves, layout_chaotic_city, shoals_dummy_entry,
          hangedman_lair_unloving_vines

Skill      XL: |  1  2  3  4  5  6  7  8  9 10 11 12 |
---------------+-------------------------------------+-----
Spellcasting   | 2 3 5 6 |  6.0
Hexes          | 3 4 5 |  5.0
Fighting       | 1 2 4 5 7 8 |  8.0
Dodging        | 2 3 4 5 7 10 12 | 12.1
Conjurations   | 2 5 6 |  6.0
Ice Magic      | 2 5 6 |  6.0
Air Magic      | 2 5 6 |  6.0
Polearms       | 3 |  3.3
Short Blades   | |  0.8
Stealth        | |  2.6

Action                     |  1- 3 |  4- 6 |  7- 9 | 10-12 || total
---------------------------+-------+-------+-------+-------++-------
  Melee: Dagger            |   135 |   162 |     1 |       ||   298
         Punch             |     1 |     3 |       |     6 ||    10
         Dire flail        |       |    62 |   126 |       ||   188
         Halberd           |       |       |   150 |    12 ||   162
         Demon trident     |       |       |       |   280 ||   280
   Fire: Shortbow          |       |       |    95 |   354 ||   449
   Cast: Confusing Touch   |     2 |    20 |    22 |     4 ||    48
  Evoke: Wand              |       |       |       |     7 ||     7
    Use: Scroll            |       |       |       |    27 ||    27
         Potion            |       |       |       |     2 ||     2
   Stab: Sleeping          |     7 |     5 |     4 |     2 ||    18
         Confused          |     1 |     9 |    16 |     1 ||    27
         Distracted        |       |       |       |     4 ||     4
 Armour: Ring mail         |    35 |       |       |       ||    35
         Robe              |    11 |    49 |    60 |   106 ||   226
  Dodge: Dodged            |    60 |   209 |   411 |   689 ||  1369
